Map: Interloper LE

Players

SamuraiFunn - Winner!

  • Race: Protoss Protoss
  • Spawn Location: 11:00

A.I. 1 (Very Hard)

  • Race: Protoss Protoss
  • Spawn Location: 5:00

VOD

Have the link to the VOD?

Description

Time

  • Played on: Nov. 9, 2017, 10:57 p.m.
  • Length: 16:20
Show
View Real Time Build Order
Export as new Build Order

SamuraiFunn Protoss - Winner!

Build Orders:  

Get SALT Encoding   

  12  0:01  Probe (Chrono Boost)  
  13  0:12  Probe (Chrono Boost)  
  14  0:20  Pylon  
  14  0:22  Probe (Chrono Boost)  
  15  0:36  Assimilator  
  15  0:38  Probe (Chrono Boost)  
  16  0:47  Gateway  
  16  0:49  Probe (Chrono Boost)  
  17  0:59  Probe (Chrono Boost)  
  18  1:10  Probe (Chrono Boost)  
  19  1:17  Assimilator  
  19  1:20  Probe (Chrono Boost)  
  20  1:28  Pylon  
  20  1:34  Probe (Chrono Boost)  
  20  1:36  Zealot  
  23  1:46  Probe (Chrono Boost)  
  24  1:57  Cybernetics Core  
  24  2:00  Probe (Chrono Boost)  
  25  2:13  Nexus  
  25  2:17  Zealot  
  25  2:19  Probe (Chrono Boost)  
  28  2:29  Pylon  
  28  2:31  Probe (Chrono Boost)  
  28  2:35  Warp Gate (Chrono Boost)  
  29  2:44  Probe (Chrono Boost), Twilight Council  
  30  2:49  Zealot  
  32  3:00  Probe (Chrono Boost)  
  32  3:05  Gateway  
  33  3:12  Probe (Chrono Boost)  
  34  3:13  Pylon  
  34  3:23  Probe  
  35  3:27  Zealot  
  35  3:31  Probe  
  38  3:35  Probe  
  39  3:45  Probe  
  39  3:47  Probe  
  41  3:54  Zealot  
  41  3:55  Zealot  
  45  4:03  Stargate x2  
  45  4:13  Probe  
  45  4:14  Probe  
  47  4:26  Assimilator  
  47  4:28  Probe, Zealot x2  
  47  4:30  Probe, Assimilator  
  53  4:48  Oracle x2  
  53  4:49  Probe  
  53  4:51  Probe  
  61  5:02  Pylon  
  62  5:07  Probe  
  62  5:08  Pylon  
  62  5:12  Pylon  
  62  5:19  Probe  
  62  5:20  Zealot  
  65  5:24  Pylon  
  65  5:25  Nexus  
  65  5:28  Oracle  
  68  5:38  Oracle  
  71  5:47  Gateway  
  71  5:51  Probe  
  71  5:52  Probe  
  71  5:54  Gateway  
  73  6:15  Charge (Chrono Boost)  
  63  6:56  Oracle x2  
  69  7:26  Zealot x2  
  69  7:27  Zealot x2  
  77  7:37  Probe  
  77  7:38  Probe  
  79  7:51  Probe  
  79  7:52  Probe  
  81  8:01  Void Ray (Chrono Boost)  
  89  8:05  Zealot  
  89  8:06  Zealot x3  
  89  8:07  Void Ray (Chrono Boost)  
  89  8:10  Gateway  
  97  8:14  Gateway  
  97  8:15  Gateway  
  97  8:22  Gateway  
  97  8:23  Gateway  
  97  8:43  Probe  
  97  8:44  Probe, Assimilator  
  97  8:45  Probe  
  97  8:46  Zealot  
  97  8:47  Zealot x2  
  97  8:48  Assimilator, Zealot  
  60  9:29  Void Ray (Chrono Boost)  
  68  9:35  Void Ray (Chrono Boost)  
  68  9:51  Zealot  
  68  9:52  Zealot x3  
  76  9:54  Zealot x2  
  76  9:55  Zealot  
  76  9:57  Zealot  
  84  10:06  Void Ray (Chrono Boost)  
  92  10:18  Void Ray (Chrono Boost)  
  92  10:20  Stargate  
  92  10:23  Probe, Stargate  
  92  10:25  Probe x2  
  92  10:27  Zealot  
  92  10:28  Zealot x6  
  109  10:50  Pylon  
  109  10:51  Pylon  
  109  10:54  Pylon  
  109  10:58  Pylon  
  109  11:09  Void Ray (Chrono Boost)  
  117  11:11  Robotics Facility  
  117  11:13  Robotics Facility  
  117  11:14  Void Ray (Chrono Boost)  
  117  11:16  Robotics Facility  
  117  11:17  Pylon  
  117  11:20  Pylon x2  
  117  11:26  Zealot  
  117  11:27  Zealot x5  
  117  11:30  Zealot  
  117  11:31  Zealot  
  141  11:48  Void Ray (Chrono Boost)  
  141  11:49  Void Ray (Chrono Boost)  
  141  11:51  Void Ray (Chrono Boost)  
  145  12:02  Warp Prism  
  145  12:03  Warp Prism  
  145  12:04  Warp Prism  
  151  12:15  Void Ray (Chrono Boost), Stalker x4  
  159  12:16  Stalker  
  159  12:39  Immortal x2  
  159  12:40  Immortal  
  127  13:13  Zealot x3  
  127  13:14  Zealot x4  
  127  13:15  Zealot  
  123  14:16  Stalker x2  
  123  14:17  Stalker  
  129  14:18  Stalker  
  129  14:22  Zealot x2  
  129  14:23  Zealot  
  137  14:30  Void Ray (Chrono Boost)  
  151  14:35  Void Ray (Chrono Boost)  
  151  14:36  Void Ray x2 (Chrono Boost), Immortal x3  
  165  15:07  Void Ray (Chrono Boost)  
  163  15:52  Stalker  
Show
View Real Time Build Order
Export as new Build Order

A.I. 1 (Very Hard) Protoss 

Build Orders: Zealot Archon 

Get SALT Encoding   

  12  0:01  Probe (Chrono Boost)  
  13  0:11  Probe (Chrono Boost)  
  14  0:20  Pylon  
  14  0:22  Probe (Chrono Boost)  
  15  0:38  Probe (Chrono Boost)  
  16  0:47  Assimilator  
  16  0:49  Probe (Chrono Boost)  
  17  0:51  Gateway  
  17  0:59  Probe (Chrono Boost)  
  17  1:00  Pylon  
  18  1:10  Probe (Chrono Boost)  
  19  1:20  Probe (Chrono Boost)  
  20  1:31  Probe (Chrono Boost)  
  21  1:38  Zealot  
  21  1:39  Gateway  
  21  1:41  Cybernetics Core  
  21  1:42  Probe (Chrono Boost)  
  24  1:51  Pylon  
  24  1:53  Probe (Chrono Boost)  
  25  2:03  Zealot  
  25  2:04  Assimilator  
  27  2:11  Probe (Chrono Boost)  
  27  2:13  Warp Gate  
  29  2:23  Probe (Chrono Boost)  
  29  2:24  Adept  
  29  2:29  Adept  
  33  2:41  Robotics Facility  
  33  2:43  Probe (Chrono Boost)  
  34  2:50  Adept  
  34  2:54  Adept  
  39  3:06  Pylon  
  39  3:07  Probe (Chrono Boost)  
  39  3:23  Sentry, Adept  
  43  3:28  Immortal  
  47  3:36  Pylon  
  47  3:54  Stalker x2  
  51  3:57  Pylon  
  51  4:07  Immortal  
  55  4:18  Pylon  
  55  4:21  Probe (Chrono Boost)  
  56  4:31  Twilight Council  
  56  5:07  Templar Archives  
  56  5:13  Zealot  
  58  5:15  Gateway  
  58  5:22  Nexus  
  58  5:46  High Templar  
  58  5:48  High Templar  
  62  5:55  Archon  
  62  5:57  Pylon  
  62  6:17  High Templar  
  64  6:19  Forge  
  64  6:21  Zealot x2  
  64  6:25  Pylon  
  68  6:35  Probe x2 (Chrono Boost)  
  66  6:40  Zealot  
  66  6:41  Zealot, Assimilator  
  66  6:47  Probe (Chrono Boost), Zealot  
  71  6:49  Assimilator  
  71  6:51  Probe (Chrono Boost)  
  74  6:57  Probe (Chrono Boost)  
  74  6:59  High Templar  
  77  7:03  Probe (Chrono Boost)  
  79  7:09  Probe (Chrono Boost)  
  79  7:11  High Templar  
  79  7:14  Probe (Chrono Boost)  
  82  7:16  Stalker  
  82  7:20  Probe (Chrono Boost)  
  85  7:24  Archon  
  85  7:25  Probe (Chrono Boost)  
  85  7:29  Stalker  
  88  7:32  Probe (Chrono Boost)  
  88  7:35  Pylon  
  88  7:36  Probe (Chrono Boost)  
  90  7:39  High Templar  
  90  7:43  Probe (Chrono Boost)  
  93  7:47  Probe (Chrono Boost)  
  93  7:50  High Templar  
  96  7:54  Probe (Chrono Boost)  
  96  7:55  Stalker  
  100  7:59  Probe (Chrono Boost), Pylon  
  100  8:01  Observer  
  100  8:03  Archon  
  102  8:06  Probe (Chrono Boost)  
  102  8:11  Probe (Chrono Boost)  
  103  8:16  High Templar  
  105  8:20  Nexus, Forge  
  105  8:21  Pylon  
  105  8:30  High Templar  
  107  8:34  Stalker  
  109  8:44  Archon  
  109  8:46  Stalker  
  111  8:49  Pylon  
  111  8:50  Pylon  
  111  8:55  Zealot  
  113  9:00  Zealot  
  105  9:07  Zealot  
  89  9:14  Zealot  
  79  9:18  High Templar  
  71  9:25  Stalker  
  71  9:26  Photon Cannon  
  67  9:32  Sentry  
  67  9:33  Probe x3 (Chrono Boost)  
  72  9:45  Probe (Chrono Boost), Assimilator  
  75  9:46  Probe x2 (Chrono Boost), Adept, Assimilator  
  75  9:47  Immortal  
  75  9:48  Adept  
  83  9:53  High Templar  
  83  9:55  Probe (Chrono Boost)  
  83  9:58  Probe x2 (Chrono Boost)  
  88  10:06  Adept  
  91  10:07  Probe (Chrono Boost), Stalker  
  91  10:09  Probe (Chrono Boost)  
  91  10:11  Probe (Chrono Boost)  
  91  10:14  Archon  
  94  10:18  Probe (Chrono Boost)  
  96  10:21  Probe (Chrono Boost)  
  96  10:22  Probe (Chrono Boost)  
  96  10:24  High Templar, Immortal  
  96  10:25  Stalker  
  105  10:29  Probe (Chrono Boost)  
  105  10:30  Stalker  
  105  10:32  Probe (Chrono Boost)  
  105  10:33  Protoss Ground Weapons Level 1  
  105  10:34  Probe (Chrono Boost)  
  110  10:39  Pylon  
  110  10:41  Probe (Chrono Boost)  
  112  10:43  Probe (Chrono Boost)  
  112  10:45  Probe (Chrono Boost), Protoss Ground Armor Level 1  
  112  10:47  Sentry  
  115  10:51  Zealot  
  115  10:53  Probe (Chrono Boost)  
  115  10:55  Probe (Chrono Boost), Stalker  
  115  10:56  Probe (Chrono Boost)  
  121  11:03  Photon Cannon  
  121  11:06  Photon Cannon  
  121  11:08  Zealot  
  121  11:09  Pylon  
  121  11:11  Sentry  
  125  11:13  Gateway  
  125  11:15  Immortal  
  125  11:17  High Templar  
  131  11:23  Psionic Storm  
  131  11:25  Stargate  
  131  11:26  Zealot  
  131  11:32  Archon, Stalker  
  133  11:37  Photon Cannon, Pylon  
  135  11:45  High Templar  
  137  11:47  High Templar  
  137  11:53  Warp Prism  
  139  11:54  Stalker  
  139  12:00  Photon Cannon  
  143  12:01  Archon  
  143  12:02  Photon Cannon  
  143  12:06  Gateway  
  143  12:08  High Templar  
  145  12:11  Phoenix  
  145  12:15  Stalker  
  149  12:16  High Templar  
  149  12:19  Archon  
  149  12:21  Zealot  
  152  12:25  Pylon  
  148  12:30  Archon  
  148  12:35  Phoenix  
  148  12:36  Zealot  
  139  12:38  High Templar  
  139  12:40  Zealot  
  139  12:41  Nexus  
  137  12:46  Zealot  
  139  12:54  Zealot  
  139  12:58  Phoenix, Adept  
  117  13:00  Adept  
  101  13:05  Zealot  
  101  13:07  Zealot  
  95  13:13  Stalker  
  95  13:18  Stalker  
  95  13:19  Stalker  
  83  13:21  Phoenix  
  83  13:25  Stalker  
  83  13:26  Adept  
  65  13:34  High Templar, Probe (Chrono Boost)  
  65  13:35  Probe (Chrono Boost)  
  65  13:39  High Templar  
  65  13:41  Zealot  
  61  13:44  Sentry  
  61  13:45  Adept  
  61  13:46  Probe x2 (Chrono Boost)  
  46  13:57  Probe (Chrono Boost)  
  46  14:00  Stalker  
  48  14:06  Stalker, Zealot  
  48  14:09  High Templar  
  53  14:10  Nexus  
  46  14:21  Zealot  
  40  14:58  Pylon  
  40  15:07  Nexus  
  40  15:12  Pylon  
  39  15:20  Pylon, Nexus  
  32  15:29  Pylon  
  32  15:34  Gateway  
  24  15:36  Probe (Chrono Boost)  
  17  15:47  Probe (Chrono Boost)  
  17  15:58  Probe (Chrono Boost)  
Tags
 
Composition
Zealot Archon
Matchup
PvP
Replay Pack
First 100 games
Spawn Locations
Cross Positions
Add a new tag
Caveats
  • Supply blocks, unpowered buildings, or Contaminate may cause inaccurate times.
  • Supply counts are checked every 10 seconds.